 Dungeon Crawl Stone Soup version 0.29.1-15-g9cfb28693d (webtiles) character file.

Game seed: 13667352590779576035

71 leafyfresh the Sneak (level 4, -6/31 HPs)
             Began as an Octopode Delver on Mar 5, 2023.
             Mangled by Menkaure (23 damage)
             ... on level 5 of the Dungeon.
             The game lasted 00:00:44 (705 turns).

leafyfresh the Sneak (Octopode Delver)               Turns: 705, Time: 00:00:45

Health: -6/31      AC:  1    Str: 11    XL:     4   Next: 24%
Magic:  4/4        EV: 13    Int: 14    God:
Gold:   35         SH:  0    Dex: 13    Spells: 3/3 levels left

rFire   . . .      SeeInvis .   a - +0 short sword
rCold   . . .      Faith    .   (no shield)
rNeg    . . .      Spirit   .   (helmet restricted)
rPois   .          Reflect  .   (no amulet)
rElec   .          Harm     .   (no ring)
rCorr   .          Rampage  .   (no ring)
Will    .....                   (no ring)
Stlth   ++++......              (no ring)
HPRegen 0.10/turn               (no ring)
MPRegen 0.09/turn               (no ring)
                                (no ring)
                                (no ring)

@: no status effects
A: almost no armour, amphibious, 8 rings, camouflage 1, gelatinous body 1,
(nimble swimmer 1), tentacles
a: no special abilities


You were on level 5 of the Dungeon.
You visited 1 branch of the dungeon, and saw 2 of its levels.

You collected 35 gold pieces.

Inventory:

Hand Weapons
 a - a +0 short sword (weapon)
Wands
 f - a wand of digging (3)
Scrolls
 b - a scroll of fog
 c - a scroll of magic mapping
 d - a scroll of fear
 h - a scroll of torment {unknown}
Potions
 e - a potion of haste
 g - a potion of mutation {unknown}


   Skills:
 + Level 3.5 Fighting
 + Level 2.7 Short Blades
 + Level 2.7 Dodging
 + Level 7.2 Stealth


You had 3 spell levels left.
You didn't know any spells.
Your spell library was empty.

Dungeon Overview and Level Annotations

Branches:
Dungeon (6/15)
 Temple: D:4-7

Altars:
Wu Jian

Shops:
D:5 (

Annotations:
D:5 Menkaure


Innate Abilities, Weirdness & Mutations

You cannot wear most types of armour.
You are amphibious.
You can wear up to eight rings at the same time.
Your skin changes colour to match your surroundings (Stealth+).
Your rubbery body absorbs attacks. (AC +1, EV +1)
((You are camouflaged when in or above water. (Stealth+)))
You have tentacles for arms and can constrict up to eight enemies at once.


Message History

You feel sick.
You see here a quokka corpse.
You feel sick.
You are no longer poisoned.
You start resting.
A white imp comes into view.
A white imp is nearby!
A white imp is nearby!
A white imp is nearby!
You see here a quokka corpse.
No target in view!
A white imp is nearby!
A white imp is nearby!
A white imp is nearby!
Unknown command.
You see here a quokka corpse.
There is an open door here.
You close the door.
You drop a smoky brown potion.
You start resting.
HP restored.
You start waiting.
Done waiting.
You start waiting.
Done waiting.
You open the door.
There is an open door here.
You open the door.
There is an open door here.
Menkaure, Prince of Dust comes into view.
Found a stone staircase leading up.
Menkaure is nearby!
Menkaure is nearby!
Menkaure calls on the powers of darkness!
Your body is wracked with pain!
You closely miss Menkaure. You grab Menkaure.
You constrict Menkaure, but do no damage.
Menkaure hits you!!
Ouch! That really hurt!
You die...

#....# #....# .. #....#
####
...########....#####...
..........'....'..!+>..
........###....#####...
###.###.###....#.......
#....##....#.###...
#.@...##..##.# #...
#..M#...###.##.###...
#......<#............
....#..#..#####.###...
#..... .....#...#.###...
#......#....#.>.#.......
...... ....#...#.###...
....# .#. #.∩.#†##.... .
#...#.......


You could see Menkaure.

Vanquished Creatures
  A scorpion (D:5)
  An adder (D:5)
  A quokka (D:5)
3 creatures vanquished.

Notes
Turn   | Place    | Note
-------+----------+-------------------------------------------
     0 | D:5      | leafyfresh the Octopode Delver began the quest for the Orb.
     0 | D:5      | Reached XP level 1. HP: 16/16 MP: 1/1
    60 | D:6      | Found an ornate altar of the Wu Jian Council.
   169 | D:5      | Noticed a scorpion
   171 | D:5      | Noticed a sky beast
   196 | D:5      | Killed a scorpion
   197 | D:5      | Reached skill level 7 in Stealth
   197 | D:5      | Reached XP level 2. HP: 15/21 MP: 2/2
   197 | D:5      | Reached XP level 3. HP: 19/26 MP: 3/3
   197 | D:5      | Reached XP level 4. HP: 22/31 MP: 4/4
   700 | D:5      | Noticed Menkaure
   705 | D:5      | Mangled by Menkaure

Illustrated notes

Levels and vault maps discovered:
D:5:      layout_basic, serial_shops, nicolae_take_the_stairs,
          nicolae_eternal_life, uniq_menkaure
D:6:      layout_loops_ring, lemuel_crystal_altar,
          minmay_fractal_squares_gapless_5, uniq_pikel, uniq_grinder

Skill      XL: |  1 |
---------------+----+-----
Stealth        | 7 |  7.2
Fighting       | |  3.5
Short Blades   | |  2.7
Dodging        | |  2.7

Action                   |  1- 3 |  4- 6 || total
-------------------------+-------+-------++-------
Melee: Short sword       |     7 |     9 ||    16
       Tentacles         |     4 |     1 ||     5
       Constrict         |     1 |     3 ||     4
Armor: Skin              |     1 |       ||     1
Dodge: Dodged            |     4 |     4 ||     8
